 Dungeon Crawl Stone Soup version 0.17.0-7-gfadd4cc (console) character file.

3 gw the Vexing (level 1, 0/16 HPs)
             Began as a Demigod Arcane Marksman on Nov 8, 2015.
             Slain by a jackal (2 damage)
             ... on level 1 of the Dungeon.
             The game lasted 00:00:16 (131 turns).

gw the Vexing (Demigod Arcane Marksman)              Turns: 131, Time: 00:00:16

Health: 0/16       AC:  2    Str: 14    XL:     1   Next: 33%
Magic:  0/4        EV: 12    Int: 17    God:
Gold:   4          SH:  0    Dex: 15    Spells: 1 memorised, 1 level left

rFire  . . .     SeeInvis .     (no weapon)
rCold  . . .     Clarity  .     c - +0 robe
rNeg   . . .     SustAt   +     (no shield)
rPois  .         Gourm    .     (no helmet)
rElec  .         Spirit   .     (no cloak)
rCorr  .         Warding  .     (no gloves)
rMut   .         Stasis   .     (no boots)
MR     .....                    (no amulet)
Stlth  +.........               (no ring)
                                (no ring)

@: not resistant to hostile enchantments, very unstealthy
A: high mp 1, sustain attributes
a: no special abilities


You were on level 1 of the Dungeon.
You were not hungry.

You visited 1 branch of the dungeon, and saw 1 of its levels.

You collected 4 gold pieces.

Inventory:

Missiles
 b - 2 throwing nets
Armour
 c - a +0 robe (worn)
Books
 d - a book of Debilitation

   Spells                             Type                      Level
   a - Corona                         Hexes                        1
   b - Slow                           Hexes                        2
   c - Gell's Gravitas                Hexes/Translocation          3
   d - Inner Flame                    Hexes/Fire                   3
   e - Cause Fear                     Hexes                        4
   f - Leda's Liquefaction            Hexes/Earth                  4
Comestibles
 e - a bread ration


   Skills:
 + Level 1.0 Fighting
 + Level 1.9 Throwing
 + Level 0.0 Armour
 - Level 1.7 Dodging
 * Level 1.1 Spellcasting
 + Level 2.6 Hexes


You had one spell level left.
You knew the following spells:

 Your Spells              Type           Power        Failure   Level  Hunger
a - Corona                Hex            ##.....      10%         1    ##.....


Dungeon Overview and Level Annotations

Branches:
Dungeon (1/15)


Innate Abilities, Weirdness & Mutations

You have an increased reservoir of magic (+10% MP).
Your attributes are resistant to harm.


Message History

Unknown command.
Attempting RANGED ATTACK TO (0,1) x2
Fight failed; Making a random move Unknown command.
Unknown command.
Unknown command.
MOVING TO (5,-7) Unknown command.
Unknown command.
Unknown command.
Attempting RANGED ATTACK TO (0,1) x2
Fight failed Unknown command.
Unknown command.
Unknown command.
Unknown command.
Attempting RANGED ATTACK TO (0,1) x2
Fight failed; Making a random move The jackal bites you.
You die...

#.!......# ..
#...##?..# ..
#..####..# .#
#..####..# ?.##
#...##...##...##.
#................
##.......<.......
######..##..####
######ph##..######
##................#
#..................
#...##...##%..##..
#..####.(##..##
#.%####(.##..##
#...##.(.##...#
#........##........#
#+......####......+#


You could see a jackal.

Table legend:
 A = Turns spent in this place as a percentage of turns spent in the entire game.
 B = Non-inter-level travel turns spent in this place as a percentage of non-inter-level travel turns spent in the entire game.
 C = Inter-level travel turns spent in this place as a percentage of turns spent in this place.
 D = Turns resting spent in this place as a percentage of non-inter-level travel turns spent in this place.
 E = Turns spent auto-exploring this place as a percentage of non-inter-level travel turns spent in this place.
 F = Non-inter-level travel turns spent in this place divided by the number of levels of this place that you've seen.
                   A       B       C       D       E      F
               +-------+-------+-------+-------+-------+----------------------
         Total | 100.0 | 100.0 |   0.0 |   2.0 |   1.0 | 396.0
       Dungeon | 100.0 | 100.0 |   0.0 |   2.0 |   1.0 | 396.0
               +-------+-------+-------+-------+-------+----------------------

Table legend:
 A = Kills in this place as a percentage of kills in entire the game.
 B = Kills by you in this place as a percentage of kills by you in the entire game.
 C = Kills by friends in this place as a percentage of kills by friends in the entire game.
 D = Other kills in this place as a percentage of other kills in the entire game.
 E = Experience gained in this place as a percentage of experience gained in the entire game.
 F = Experience gained in this place divided by the number of levels of this place that you have seen.
                   A       B       C       D       E      F
               +-------+-------+-------+-------+-------+----------------------
         Total | 100.0 | 100.0 |  -nan |  -nan | 100.0 |   5.0
       Dungeon | 100.0 | 100.0 |  -nan |  -nan | 100.0 |   5.0
               +-------+-------+-------+-------+-------+----------------------

Vanquished Creatures
  A goblin (D:1)
  A jackal (D:1)
  A bat (D:1)
3 creatures vanquished.

Notes
Turn   | Place    | Note
--------------------------------------------------------------
     0 | D:1      | gw the Demigod Arcane Marksman began the quest for the Orb.
     0 | D:1      | Reached XP level 1. HP: 15/15 MP: 4/4
    25 | D:1      | Reached skill level 1 in Fighting
   131 | D:1      | Slain by a jackal

Action                   || total
-------------------------++-------
Melee: Unarmed           ||     4
Throw: Javelin           ||     8
 Cast: Corona            ||    11

Vault maps used:
D:1:      minmay_arrival_four_loops, minmay_misc_feat_tower, minivault_27,
          minmay_stone_trees_medium
